 Dungeon Crawl Stone Soup version 0.19.1 (webtiles) character file.

31 Esekla the Sneak (level 3, -8/24 HPs)
             Began as an Octopode Enchanter on Nov 30, 2016.
             Mangled by a worm (9 damage)
             ... on level 2 of the Dungeon.
             The game lasted 00:04:33 (944 turns).

Esekla the Sneak (Octopode Enchanter)                Turns: 944, Time: 00:04:34

Health: -8/24      AC:  1    Str:  7    XL:     3   Next: 22%
Magic:  6/6        EV: 13    Int: 17    God:
Gold:   20         SH:  0    Dex: 13    Spells: 1 memorised, 5 levels left

rFire  . . .     SeeInvis .     a - +1 dagger
rCold  . . .     Gourm    .     (no shield)
rNeg   . . .     Faith    .     (helmet restricted)
rPois  .         Spirit   .     (no amulet)
rElec  .         Reflect  .     (no ring)
rCorr  .         Harm     .     (no ring)
MR     .....                    (no ring)
Stlth  +++.......               (no ring)
                                (no ring)
                                (no ring)
                                (no ring)
                                (no ring)

@: no status effects
A: almost no armour, stealthy swim, amphibious, 8 rings, constrict 8, camouflage
1, gelatinous body 1
a: no special abilities


You were on level 2 of the Dungeon.
You were not hungry.

You visited 1 branch of the dungeon, and saw 2 of its levels.

You collected 20 gold pieces.

Inventory:

Hand Weapons
 a - a +1 dagger (weapon)
Missiles
 d - 66 stones (quivered)
Scrolls
 h - a scroll of identify {unknown}
Potions
 e - a potion of mutation {unknown}
 f - a potion of brilliance {unknown}
 g - a potion of haste {unknown}
 i - a potion of berserk rage {unknown}
Books
 b - a book of Maledictions

   Spells                             Type                      Level
   a - Corona                         Hexes                        1
   b - Ensorcelled Hibernation        Hexes/Ice                    2
   c - Confuse                        Hexes                        3
   d - Tukima's Dance                 Hexes                        3
   e - Dazzling Spray                 Conjuration/Hexes            3
Comestibles
 c - a bread ration
 j - a meat ration
 k - a royal jelly
 l - 3 fruits


   Skills:
 * Level 2.0 Fighting
 + Level 1.5 Short Blades
 + Level 2.3 Dodging
 - Level 4.0 Stealth
 - Level 2.0 Spellcasting
 - Level 3.0 Hexes


You had 5 spell levels left.
You knew the following spells:

 Your Spells              Type           Power        Failure   Level  Hunger
a - Corona                Hex            ##.....      6%          1    #......


Dungeon Overview and Level Annotations

Branches:
Dungeon (2/15)

Altars:


Innate Abilities, Weirdness & Mutations

You cannot wear most types of armour.
You are very stealthy in the water. (Stealth+)
You are amphibious.
You can wear up to eight rings at the same time.
You can use your tentacles to constrict eight enemies at once.
Your skin changes colour to match your surroundings (Stealth+).
Your rubbery body absorbs attacks. (AC +1, EV +1)


Message History

Ouch! That really hurt!
* * * LOW HITPOINT WARNING * * *
You hit the worm.
The worm is moderately wounded.
You constrict the worm. You hit the worm.
The worm is heavily wounded.
You constrict the worm.
The hobgoblin shouts!
The worm bites you.
* * * LOW HITPOINT WARNING * * *
A hobgoblin comes into view.
You barely miss the worm.
The worm is heavily wounded.
You constrict the worm.
The hobgoblin shouts!
You hit the worm but do no damage.
The worm is severely wounded.
You constrict the worm.
The hobgoblin moves out of view.
The worm bites you!
You die...

#.. . #.. .. .
#..######## #.#
..#.........# ..
#...........##.#..#
............<....(#
............##.##.#
........####.# ..
.#.....@# .# ##
#.....w+ ..
#....(.# .##
#......# .#
#.g.#### .# #...
#... ...


You could see a worm and a hobgoblin.

Vanquished Creatures
  A gnoll (D:1)
  An ooze (D:1)
  A leopard gecko (D:1)
  A giant cockroach (D:1)
  4 goblins (D:1)
  A hobgoblin (D:1)
  3 bats (D:1)
  3 frilled lizards (D:1)
  A kobold (D:1)
  2 rats (D:1)
18 creatures vanquished.

Notes
Turn   | Place    | Note
-------+----------+-------------------------------------------
     0 | D:1      | Esekla the Octopode Enchanter began the quest for the Orb.
     0 | D:1      | Reached XP level 1. HP: 11/11 MP: 3/3
    57 | D:1      | Reached skill level 1 in Fighting
   145 | D:1      | Reached XP level 2. HP: 18/18 MP: 5/5
   520 | D:1      | Reached XP level 3. HP: 24/24 MP: 6/6
   942 | D:2      | HP: 1/24 [worm (3)]
   944 | D:2      | Mangled by a worm

Skill      XL: |  1  2  3 |
---------------+----------+-----
Fighting       | 1 2 |  2.0
Short Blades   | |  1.5
Dodging        | |  2.3
Stealth        | |  4.0
Spellcasting   | |  2.0
Hexes          | |  3.0

Action                   || total
-------------------------++-------
Melee: Dagger            ||    47
       Constrict         ||     8
       Tentacles         ||     5
Throw: Stone             ||    11
 Stab: Sleeping          ||     8
Armor: Skin              ||     6
Dodge: Dodged            ||    27
